 Dungeon Crawl Stone Soup version 0.28-a0-1389-gc726bef33b (webtiles) character file.

Game seed: 15318252556640139584

346 Grim the Cudgeller (level 6, -11/47 HPs)
             Began as a Formicid Fighter on Jan 3, 2022.
             Mangled by an ogre (18 damage)
             ... on level 4 of the Dungeon.
             The game lasted 00:03:37 (4209 turns).

Grim the Cudgeller (Formicid Fighter)               Turns: 4209, Time: 00:03:38

Health: -11/47     AC:  6    Str: 22    XL:     6   Next: 90%
Magic:  6/6        EV:  9    Int:  8    God:
Gold:   201        SH:  4    Dex: 10    Spells: 5/5 levels left

rFire   . . .      SeeInvis +   d - +1 whip (venom)
rCold   . . .      Faith    .   c - +0 buckler
rNeg    . . .      Spirit   .   b - +0 scale mail
rPois   .          Reflect  .   (helmet unavailable)
rElec   .          Harm     .   (no cloak)
rCorr   .          Rampage  .   (no gloves)
Will    .....                   (no boots)
Stlth   ..........              (no amulet)
HPRegen 0.15/turn               (no ring)
MPRegen 0.10/turn               (no ring)

@: no status effects
A: permanent stasis, dig shafts and tunnels, antennae 3, four strong arms
a: Dig, Shaft Self


You were on level 4 of the Dungeon.
You visited 1 branch of the dungeon, and saw 4 of its levels.

You collected 201 gold pieces.

Inventory:

Hand Weapons
 a - a +0 flail
 d - a +1 whip of venom (weapon)
Missiles
 g - 12 poisoned darts
 l - a throwing net
Armour
 b - a +0 scale mail (worn)
 c - a +0 buckler (worn)
Jewellery
 v - a ring of fire
Wands
 w - a wand of digging (3)
Scrolls
 e - a scroll of enchant weapon {unknown}
 f - a scroll of immolation {unknown}
 h - 3 scrolls of identify {unknown}
 j - a scroll of blinking {unknown}
 n - a scroll of vulnerability {unknown}
 p - a scroll of holy word {unknown}
 q - a scroll of magic mapping {unknown}
 u - a scroll of acquirement {unknown}
Potions
 i - a potion of heal wounds {unknown}
 k - 2 potions of lignification {unknown}
 m - a potion of curing {unknown}
 o - a potion of mutation {unknown}
 r - a potion of brilliance {unknown}
 s - a potion of invisibility {unknown}
 t - a potion of berserk rage {unknown}


   Skills:
 - Level 3.2 Fighting
 + Level 6.8 Maces & Flails
 - Level 3.2 Armour
 - Level 3.6 Shields


You had 5 spell levels left.
You didn't know any spells.
Your spell library contained the following spells:

 Spells                   Type           Power      Damage    Failure   Level
 Sublimation of Blood     Necr           0%         N/A       86%         2
 Wereblood                Tmut           0%         N/A       86%         2
 Ignite Poison            Fire/Tmut/Pois 0%         N/A       98%         3
 Mephitic Cloud           Conj/Pois/Air  0%         N/A       98%         3
 Freezing Cloud           Conj/Ice/Air   0%         6-21      100%        5
 Summon Hydra             Summ           0%         N/A       100%        7


Dungeon Overview and Level Annotations

Branches:
Dungeon (4/15)
 Temple: D:4-7

Altars:
Cheibriados
Kikubaaqudgha
Ru


Innate Abilities, Weirdness & Mutations

You cannot be hasted, slowed, berserked, paralysed or teleported.
You can dig through walls and to a lower floor.
You have a pair of large antennae on your head. (SInv)
Your four strong arms can wield two-handed weapons with a shield.


Message History

The adder is moderately wounded.
You feel sick. The adder bites you.
* * * LOW HITPOINT WARNING * * *
You hit the adder.
The adder looks as sick as possible!
The adder is almost dead.
You feel sick. You block the adder's attack.
You whack the adder!
You kill the adder!
You start resting.
You feel sick. x4
You are no longer poisoned.
You start resting.
The hiss of flowing sand is almost imperceptible now.
You start resting.
The walls and floor vibrate strangely for a moment.
You start resting.
HP restored.
Things that are here:
a +0 giant spiked club; an adder skeleton; an ogre skeleton You now have 201 gold pieces (gained 15).
Found a stone staircase leading down.
Found a leather armour.
Found 25 stones.
An ogre comes into view. It is wielding a +0 giant club.
An ogre is nearby!
You hit the ogre.
The ogre is poisoned.
The ogre is lightly wounded.
The ogre hits you with a +0 giant club!
You hit the ogre but do no damage.
The ogre looks as sick as possible!
The ogre is lightly wounded.
You hit the ogre.
The ogre looks as sick as possible!
The ogre is moderately wounded.
The ogre hits you with a +0 giant club!!
Ouch! That really hurt!
* * * LOW HITPOINT WARNING * * *
You are too injured to fight recklessly!
You are too injured to fight recklessly!
You hit the ogre.
The ogre looks as sick as possible!
The ogre is heavily wounded.
The ogre hits you with a +0 giant club!!
You die...

#.# #.# ##.########
##+## #.........###...##
###..######.##.....## #
#.)....## #.#.......#.#
##.#.....###............
...................[....
##.......###..........#
###.##..###.#..@O...#
#.........##.(...##
####...######...## #...#
##+## #.>.# ###.# #.#
#.# ...


You could see an ogre (extremely poisoned).

Vanquished Creatures
  An ogre (D:4)
  A vampire bat (D:4)
  A hound (D:4)
  An orc priest (D:4)
  An orc wizard (D:4)
  4 gnolls (D:2)
  3 adders (D:4)
  A worm (D:2)
  4 dart slugs
  3 orcs
  4 bats
  5 bat skeletons (D:4)
  A bat zombie (D:4)
  6 endoplasms
  A giant cockroach (D:3)
  9 goblins
  A hobgoblin (D:1)
  6 kobolds
  3 quokkas
  3 ball pythons
  A frilled lizard (D:3)
  8 rats
68 creatures vanquished.

Vanquished Creatures (others)
  2 fungi (D:4)
  4 plants (D:4)
6 creatures vanquished.

Grand Total: 74 creatures vanquished

Notes
Turn   | Place    | Note
-------+----------+-------------------------------------------
     0 | D:1      | Grim the Formicid Fighter began the quest for the Orb.
     0 | D:1      | Reached XP level 1. HP: 18/18 MP: 1/1
    98 | D:1      | Reached XP level 2. HP: 17/24 MP: 2/2
   469 | D:1      | Reached skill level 3 in Maces & Flails
   874 | D:1      | Reached XP level 3. HP: 29/29 MP: 3/3
   902 | D:1      | Found a faded altar of an unknown god.
  1974 | D:3      | Found a snail-covered altar of Cheibriados.
  2059 | D:3      | Reached skill level 4 in Maces & Flails
  2059 | D:3      | Reached XP level 4. HP: 32/35 MP: 4/4
  2701 | D:3      | Reached XP level 5. HP: 41/41 MP: 5/5
  3260 | D:4      | Found an ancient bone altar of Kikubaaqudgha.
  3292 | D:4      | Reached skill level 5 in Maces & Flails
  3402 | D:4      | Reached XP level 6. HP: 18/47 MP: 6/6
  3670 | D:4      | Found a sacrificial altar of Ru.
  3674 | D:4      | Reached skill level 6 in Maces & Flails
  3907 | D:4      | Noticed an ogre
  3917 | D:4      | Killed an ogre
  4202 | D:4      | Noticed an ogre
  4209 | D:4      | Mangled by an ogre

Illustrated notes

Levels and vault maps discovered:
D:1:      dpeg_arrival_simpleton_c, layout_loops_ring,
          shapermc_ecumenical_altar_acropolis
D:2:      layout_loops_corners
D:3:      layout_basic, mainiacjoe_overflow_alcove_2
D:4:      layout_loops_corners, kennysheep_vampire_church,
          mainiacjoe_overflow_boulevard, chequers_ossuary_entry_cave

Skill      XL: |  1  2  3  4  5  6 |
---------------+-------------------+-----
Maces & Flails | 3 4 5 6 |  6.8
Fighting       | |  3.2
Armour         | |  3.2
Shields        | |  3.6

Action                   |  1- 3 |  4- 6 || total
-------------------------+-------+-------++-------
Melee: Flail             |    90 |    17 ||   107
       Whip              |       |   113 ||   113
 Abil: Dig               |       |     1 ||     1
  Use: Potion            |       |     1 ||     1
Armor: Scale mail        |    34 |    50 ||    84
Dodge: Dodged            |    32 |    56 ||    88
Block: Buckler           |    15 |    31 ||    46

Table legend: (Time is in decaauts)
 A = Elapsed time spent in this place.
 B = Non-inter-level travel time spent in this place.
 C = Inter-level travel time spent in this place.
 D = Time resting spent in this place.
 E = Time spent auto-exploring this place.
 F = Levels seen in this place.
 G = Mean time per level.
                   A        B        C        D        E       F      G
               +--------+--------+--------+--------+--------+-----+--------+
         Total |   4216 |   4134 |     82 |   1060 |   2564 |   4 | 1054.0 |
       Dungeon |   4216 |   4134 |     82 |   1060 |   2564 |   4 | 1054.0 |
               +--------+--------+--------+--------+--------+-----+--------+

Top non-repeatable levels by time:
     D:2: 1320 daAuts
     D:4: 1023 daAuts
     D:1: 949 daAuts
     D:3: 922 daAuts
